 Dungeon Crawl Stone Soup version 0.30-a0-557-ge2afbf3030 (webtiles) character file.

Game seed: 3605132183612643899

53 cforsyth the Conjurer (level 3, -5/26 HPs)
             Began as a Draconian Conjurer on Dec 28, 2022.
             Slain by an iguana (11 damage)
             ... on level 2 of the Dungeon.
             The game lasted 00:02:08 (1805 turns).

cforsyth the Conjurer (Draconian Conjurer)          Turns: 1805, Time: 00:02:08

Health: -5/26      AC: 10    Str:  9    XL:     3   Next: 64%
Magic:  0/7        EV: 12    Int: 20    God:
Gold:   106        SH:  0    Dex:  9    Spells: 6/7 levels left

rFire   . . .      SeeInvis .    (no weapon)
rCold   . . .      Faith    .    (no shield)
rNeg    . . .      Spirit   .    (body armour unavailable)
rPois   .          Reflect  .    (helmet restricted)
rElec   .          Harm     .    (no cloak)
rCorr   .          Rampage  .    (no gloves)
Will    .....                    e - +0 pair of boots
Stlth   ++                       (no amulet)
HPRegen 0.24/turn                g - +4 ring of protection
MPRegen 0.10/turn                (no ring)

@: no status effects
A: AC +5, unfitting armour, cold-blooded
a: no special abilities


You were on level 2 of the Dungeon.
You visited 1 branch of the dungeon, and saw 2 of its levels.

You collected 106 gold pieces.

Inventory:

Armour
 e - a +0 pair of boots (worn)
Jewellery
 g - a +4 ring of protection (left hand)
Scrolls
 b - a scroll of enchant armour {unknown}
 c - a scroll of butterflies {unknown}
 d - 2 scrolls of noise {unknown}
 h - a scroll of blinking {unknown}
Potions
 a - a potion of magic
 f - a potion of heal wounds {unknown}


   Skills:
 - Level 1.9 Dodging
 - Level 1.9 Stealth
 + Level 2.9 Spellcasting
 + Level 4.6 Conjurations


You had 6 spell levels left.
You knew the following spells:

 Your Spells              Type           Power      Damage    Failure   Level
a - Magic Dart            Conj           84%        1d7       1%          1

Your spell library contained the following spells:

 Spells                   Type           Power      Damage    Failure   Level
 Searing Ray              Conj           42%        2d6       3%          2
 Dazzling Flash           Conj/Hex       24%        N/A       16%         3
 Fulminant Prism          Conj/Hex       6%         3d6       47%         4
 Iskenderun's Mystic Bla  Conj/Tloc      12%        2d5       47%         4


Dungeon Overview and Level Annotations

Branches:
Dungeon (2/15)

Altars:


Innate Abilities, Weirdness & Mutations

Your plain brown scales are hard. (AC +5)
You cannot fit into any form of body armour.
You are cold-blooded and may be slowed by cold attacks.


Message History

The iguana closely misses you.
You closely miss the iguana.
The iguana is severely wounded.
The iguana bites you.
You hit the iguana but do no damage.
The iguana is severely wounded.
The iguana closely misses you.
You barely miss the iguana.
The iguana is severely wounded.
The iguana bites you.
You closely miss the iguana.
The iguana is severely wounded.
The iguana barely misses you.
You hit the iguana but do no damage.
Your tail-slap misses the iguana.
The iguana is severely wounded.
The iguana closely misses you.
You hit the iguana but do no damage.
The iguana is severely wounded.
The iguana bites you.
You hit the iguana but do no damage.
You tail-slap the iguana, but do no damage.
The iguana is severely wounded.
The iguana closely misses you.
The magic dart hits the iguana but does no damage.
The iguana is severely wounded.
The iguana barely misses you.
You hit the iguana.
The iguana is almost dead.
The iguana misses you.
You hit the iguana but do no damage.
The iguana is almost dead.
The iguana bites you but does no damage.
You closely miss the iguana.
The iguana is almost dead.
The iguana bites you!
* * * LOW HITPOINT WARNING * * *
You closely miss the iguana. Your punch misses the iguana.
The iguana is almost dead.
The iguana bites you!
You die...

....... #..#. >.. #..###....
.. . ).......#.. .##.....
.####... ##....... #....
####... ..#.. #....
#....##......#..##....
#....@l.#.## #.......
########................#....
#........#.######.###..###...
.<.####..##.# #.. ##..
#######..##.# ## ##.
#..(........# #.# #.†# #.
#.........<## #.# #..# #.
#..........# #.# #..# #.
#..........# #.# #..# #.


You could see an iguana.

Vanquished Creatures
  An adder (D:2)
  A worm (D:2)
  2 dart slugs
  3 endoplasms
  4 goblins
  4 hobgoblins
  2 jackals (D:2)
  3 kobolds (D:1)
  2 quokkas
  3 ball pythons (D:1)
  A bat (D:1)
  7 frilled lizards
  6 rats (D:1)
39 creatures vanquished.

Notes
Turn   | Place    | Note
-------+----------+-------------------------------------------
     0 | D:1      | cforsyth the Draconian Conjurer began the quest for the
                  | Orb.
     0 | D:1      | Reached XP level 1. HP: 14/14 MP: 3/3
   301 | D:1      | Reached XP level 2. HP: 20/20 MP: 1/5
  1246 | D:2      | Reached XP level 3. HP: 26/26 MP: 0/6
  1805 | D:2      | Slain by an iguana

Illustrated notes

Levels and vault maps discovered:
D:1:      wheals_arrival_shading, layout_loops_cross, grunt_decor_one_mirror
D:2:      layout_rooms, uniq_jessica

Action                   || total
-------------------------++-------
Melee: Unarmed           ||    62
       Tailslap          ||     8
       Punch             ||     2
 Cast: Magic Dart        ||    82
Armor: Skin              ||    19
Dodge: Dodged            ||    41

Table legend: (Time is in decaauts)
 A = Elapsed time spent in this place.
 B = Non-inter-level travel time spent in this place.
 C = Inter-level travel time spent in this place.
 D = Time resting spent in this place.
 E = Time spent auto-exploring this place.
 F = Levels seen in this place.
 G = Mean time per level.
                   A        B        C        D        E       F      G
               +--------+--------+--------+--------+--------+-----+--------+
         Total |   1805 |   1727 |     78 |     98 |   1397 |   2 |  902.5 |
       Dungeon |   1805 |   1727 |     78 |     98 |   1397 |   2 |  902.5 |
               +--------+--------+--------+--------+--------+-----+--------+

Top non-repeatable levels by time:
     D:1: 1295 daAuts
     D:2: 509 daAuts
